 Dungeon Crawl Stone Soup version 0.23.2-33-g5129a83184 (webtiles) character file.

Game seed: 17360409683224323254

65 Lauz the Covered (level 4, -4/29 HPs)
             Began as a Gargoyle Fighter on July 10, 2019.
             Slain by a gnoll
             ... wielding a +0 halberd
              (8 damage)
             ... on level 2 of the Dungeon.
             The game lasted 00:03:38 (1577 turns).

Lauz the Covered (Gargoyle Fighter)                 Turns: 1577, Time: 00:03:39

Health: -4/29      AC: 11    Str: 19    XL:     4   Next: 14%
Magic:  4/4        EV:  7    Int: 10    God:
Gold:   45         SH:  9    Dex:  9    Spells: 3/3 levels left

rFire    . . .     SeeInvis .   a - +0 flail
rCold    . . .     Gourm    .   c - +0 shield
rNeg     + . .     Faith    .   b - +0 scale mail
rPois    ∞         Spirit   .   k - +0 helmet
rElec    +         Reflect  .   (no cloak)
rCorr    .         Harm     .   (no gloves)
MR       .....                  (no boots)
Stlth    ..........             (no amulet)
HPRegen  0.09/turn              (no ring)
MPRegen  0.09/turn              (no ring)

@: no status effects
A: negative energy resistance 1, electricity resistance, unbreathing,
petrification resistance, rot immunity, AC +3
a: no special abilities


You were on level 2 of the Dungeon.
You were not hungry.

You visited 1 branch of the dungeon, and saw 2 of its levels.

You collected 45 gold pieces.

Inventory:

Hand Weapons
 a - a +0 flail (weapon)
Armour
 b - a +0 scale mail (worn)
 c - a +0 shield (worn)
 k - a +0 helmet (worn)
Scrolls
 e - a scroll of fear {unknown}
 g - 2 scrolls of identify {unknown}
 h - a scroll of teleportation {unknown}
 i - a scroll of random uselessness {unknown}
 j - a scroll of enchant weapon {unknown}
 l - a scroll of magic mapping {unknown}
Potions
 d - 2 potions of might
 n - a potion of curing {unknown}
 o - a potion of resistance {unknown}
Comestibles
 f - 4 rations


   Skills:
 + Level 3.8 Fighting
 + Level 2.9 Maces & Flails
 + Level 3.8 Armour
 + Level 0.2 Dodging
 + Level 3.8 Shields


You had 3 spell levels left.
You didn't know any spells.
Your spell library was empty.

Dungeon Overview and Level Annotations

Branches:
Dungeon (2/15)

Altars:
Nemelex Xobeh


Innate Abilities, Weirdness & Mutations

You are resistant to torment.
Your stone body is resilient. (AC +3)
You are immune to poison.
You resist negative energy. (rN+)
You are resistant to electric shocks. (rElec)
You can survive without breathing.
You are immune to petrification.
You are immune to rotting.


Message History

A jackal comes into view.
You see here a jackal corpse.
You block the jackal's attack.
You barely miss the jackal. The adder barely misses you. The jackal bites you.
The adder closely misses you.
You barely miss the jackal. You block the jackal's attack.
You block the adder's attack.
The gnoll hits you from afar with a +0 halberd.
You block the jackal's attack. The worm bites you but does no damage.
The adder barely misses you.
You thump the jackal!
You kill the jackal!
You block the adder's attack.
The gnoll hits you from afar with a +0 halberd.
* * * LOW HITPOINT WARNING * * *
The worm misses you. The jackal closely misses you.
The adder bites you but does no damage.
You closely miss the jackal.
The gnoll hits you from afar with a +0 halberd!
You die...

# # # ## #. #. #
♣ #. #.#####.#
#. #..h@w..# #.
####S###########
#. #bg.g.g.....#
#.
##############.#
#. #..# #.# #.
#.# ###. ##.#
#g# #. .#. ..≈#
≈. #.###### #.#
#. #.. .≈.#.##
#......#
###g#####. ...#
≈≈≈#⌠# ####.#.##
#..)......


You could see a worm, a gnoll, an adder, a jackal and a bat.

Vanquished Creatures
  2 adders
  An ooze (D:2)
  A dart slug (D:1)
  A leopard gecko (D:1)
  A ball python (D:1)
  6 goblins
  3 hobgoblins (D:1)
  10 jackals
  A quokka (D:2)
  2 bats (D:1)
  2 frilled lizards (D:1)
  5 kobolds
  2 rats
37 creatures vanquished.

Notes
Turn   | Place    | Note
-------+----------+-------------------------------------------
     0 | D:1      | Lauz the Gargoyle Fighter began the quest for the Orb.
     0 | D:1      | Reached XP level 1. HP: 14/14 MP: 1/1
   473 | D:1      | Reached XP level 2. HP: 19/19 MP: 2/2
   768 | D:1      | Reached XP level 3. HP: 21/23 MP: 3/3
   853 | D:1      | Found a sparkling altar of Nemelex Xobeh.
  1358 | D:2      | Reached XP level 4. HP: 29/29 MP: 4/4
  1577 | D:2      | Slain by a gnoll

Action                   |  1- 3 |  4- 6 || total
-------------------------+-------+-------++-------
Melee: Flail             |   124 |    37 ||   161
  Eat: Chunk             |     2 |       ||     2
Armor: Scale mail        |    85 |    36 ||   121
Dodge: Dodged            |    43 |    21 ||    64
Block: Shield            |    91 |    39 ||   130
